 Dungeon Crawl Stone Soup version 0.21.1-1-g345015f (webtiles) character file.

667 wilfster70 the Shield-Bearer (level 7, -2/55 HPs)
             Began as a Formicid Fighter on Feb 21, 2018.
             Was an Initiate of Wu Jian.
             Slain by an ogre
             ... wielding a +0 giant club
              (20 damage)
             ... on level 4 of the Dungeon.
             The game lasted 00:15:29 (4422 turns).

wilfster70 the Shield-Bearer (Formicid Fighter)     Turns: 4422, Time: 00:15:30

Health: -2/55      AC: 10    Str: 21    XL:     7   Next: 88%
Magic:  16/16      EV:  7    Int:  8    God:    Wu Jian [......]
Gold:   128        SH: 10    Dex: 11    Spells: 6/6 levels left

rFire    . . .     SeeInvis +   a - +0 war axe
rCold    . . .     Gourm    .   c - +0 shield
rNeg     . . .     Faith    .   p - +0 chain mail
rPois    .         Spirit   .   (helmet unavailable)
rElec    .         Reflect  .   (no cloak)
rCorr    .         Harm     .   d - +0 pair of gloves
MR       .....                  (no boots)
Stlth    ..........             (no amulet)
HPRegen  0.18/turn              (no ring)
MPRegen  0.15/turn              m - ring of magical power

@: no status effects
A: permanent stasis, dig shafts and tunnels, four strong arms, antennae 3
a: Dig, Shaft Self, Renounce Religion


You were on level 4 of the Dungeon.
You worshipped Wu Jian.
Wu Jian was noncommittal.
You were hungry.

You visited 2 branches of the dungeon, and saw 6 of its levels.

You collected 128 gold pieces.

Inventory:

Hand Weapons
 a - a +0 war axe (weapon)
 b - a +0 hunting sling
Missiles
 j - 17 arrows
 n - 135 stones (quivered)
 r - 15 sling bullets
Armour
 c - a +0 shield (worn)
 d - a +0 pair of gloves (worn)
 p - a +0 chain mail (worn)
Jewellery
 m - a ring of magical power (right hand)
 t - an uncursed ring of ice
Scrolls
 e - a scroll of enchant weapon {unknown}
 g - 2 scrolls of identify {unknown}
 h - 2 scrolls of immolation
 l - 3 scrolls of remove curse
 u - a scroll of enchant armour {unknown}
Potions
 o - 2 potions of flight {unknown}
 q - a potion of haste {unknown}
 v - a potion of heal wounds {unknown}
Comestibles
 f - 9 rations


   Skills:
 + Level 4.6 Fighting
 * Level 5.1 Axes
 + Level 4.8 Armour
 + Level 2.6 Dodging
 + Level 5.4 Shields


You had 6 spell levels left.
You didn't know any spells.

Dungeon Overview and Level Annotations

Branches:
Dungeon (5/15)             Temple (1/1) D:5

Altars:
Ashenzari
Elyvilon
Hepliaklqana
Nemelex Xobeh
Qazlal
Trog
Uskayaw
Wu Jian


Innate Abilities, Weirdness & Mutations

You cannot be hasted, slowed, berserked, paralysed or teleported.
You can dig through walls and to a lower floor.
Your four strong arms can wield two-handed weapons with a shield.
You have a pair of large antennae on your head. (SInv)


Message History

You are feeling hungry.
You dig through the rock wall.
You dig through the rock wall.
You retract your mandibles.
An ogre comes into view. It is wielding a giant club.
The ogre shouts!
You lunge at the ogre, but your attack speed is too slow for a blow to land.
The ogre hits you but does no damage.
Your chain mail prevents you from hitting the ogre.
The ogre hits you with a giant club!!
You slash the ogre!
The ogre is moderately wounded.
The ogre hits you with a giant club!
Your chain mail prevents you from hitting the ogre.
The ogre is moderately wounded.
You block the ogre's attack.
You barely miss the ogre.
The ogre is moderately wounded.
The ogre hits you with a giant club!!
You die...

.......## #...#.#.#.# ***,,** *
........####.......#.#***,,,,.#*#
........'..>..........,,,,,,*.≈≈♣
........####...#.###.#***,,,,P♣≈≈
.......## ##........# **,,≈P≈≈≈
#.....## ####.##### *,♣♣≈P♣≈
##...## #.# *,♣≈≈≈≈P ##'## #O#
#♣♣≈♣w≈P #.# ########@#
##♣≈≈≈≈{≈≈ ###<###
#........#######.≈♣P≈≈P≈≈
#.....###.######.........♣≈≈≈≈≈≈≈
#..?........# ########..♣≈≈≈≈≈≈≈
.......##.#.# #.≈≈≈≈≈≈≈≈≈
#......##.#.# #.P≈≈≈≈≈≈≈≈
#......##.#.# ##♣♣≈≈≈≈≈≈≈
###.......#.# ♣P≈≈≈≈≈≈≈
#_##.####.# ♣≈♣≈≈≈≈≈≈


You could see an ogre.

Vanquished Creatures
  Sigmund (D:3)
  An ogre (D:4)
  A crimson imp (D:5)
  3 orc priests
  The ghost of inc the Vexing, a weakling FeEn of Ru (D:3)
  A centaur skeleton (D:4)
  An iguana (D:3)
  A worker ant (D:4)
  10 adders
  5 worms
  2 dart slugs
  A leopard gecko (D:2)
  14 orcs
  4 ball pythons
  3 giant cockroaches
  7 goblins
  5 hobgoblins
  6 jackals
  5 kobolds
  A quokka (D:4)
  11 bats
  7 frilled lizards
  5 rats
96 creatures vanquished.

Vanquished Creatures (others)
  5 plants (D:4)
5 creatures vanquished.

Grand Total: 101 creatures vanquished

Notes
Turn   | Place    | Note
-------+----------+-------------------------------------------
     0 | D:1      | wilfster70 the Formicid Fighter began the quest for the Orb.
     0 | D:1      | Reached XP level 1. HP: 18/18 MP: 1/1
   127 | D:1      | Reached XP level 2. HP: 23/24 MP: 2/2
   512 | D:1      | Reached XP level 3. HP: 28/29 MP: 3/3
   900 | D:2      | Reached XP level 4. HP: 31/35 MP: 4/4
  1009 | D:2      | Found a shattered altar of Ashenzari.
  1188 | D:2      | Reached skill level 1 in Dodging
  1221 | D:2      | Found a stormy altar of Qazlal.
  1850 | D:2      | Reached XP level 5. HP: 36/42 MP: 5/5
  2320 | D:3      | Noticed inc's ghost (weakling FeEn)
  2369 | D:3      | Killed inc's ghost
  2698 | D:3      | Reached XP level 6. HP: 47/48 MP: 6/6
  2878 | D:3      | Noticed Sigmund
  2891 | D:3      | Killed Sigmund
  2891 | D:3      | Reached XP level 7. HP: 17/54 MP: 7/7
  3189 | D:3      | Reached skill level 5 in Shields
  3379 | D:4      | Found a hide-covered altar of Uskayaw.
  3463 | D:5      | Entered Level 5 of the Dungeon
  3478 | D:5      | Found a staircase to the Ecumenical Temple.
  3485 | Temple   | Entered the Ecumenical Temple
  3507 | Temple   | Became a worshipper of the Wu Jian Council
  4066 | D:4      | Reached skill level 5 in Axes
  4422 | D:4      | Slain by an ogre

Skill      XL: |  1  2  3  4  5  6  7 |
---------------+----------------------+-----
Shields        | 4 5 |  5.4
Dodging        | 1 2 |  2.6
Axes           | 3 4 5 |  5.1
Armour         | 4 |  4.8
Fighting       | 4 |  4.6

Action                   |  1- 3 |  4- 6 |  7- 9 || total
-------------------------+-------+-------+-------++-------
Melee: War axe           |    86 |   243 |    94 ||   423
Invok: Lunge             |       |       |     3 ||     3
 Abil: Dig               |       |       |     2 ||     2
  Use: Potion            |       |     1 |       ||     1
       Scroll            |       |       |     6 ||     6
  Eat: Chunk             |       |     7 |     5 ||    12
Armor: Scale mail        |    38 |   100 |       ||   138
       Chain mail        |       |     4 |    42 ||    46
Dodge: Dodged            |    22 |    91 |    33 ||   146
Block: Shield            |    59 |   151 |    66 ||   276
